Selects Indian Artillery Battlegroup
Construct Section Command Post
Selects Towed ML 4.2-inch Heavy Mortar
Towed ML 4.2-inch Heavy Mortar
Construct Platoon Command Post
Selects Off-map Airburst Barrage
6-pounder Anti-tank Gun Team
Construct Company Command Post
Unlock M3 Grant Medium Tanks
Selects BL5.5 Artillery Emplacement
Selects Gurkha Rifles Section
Selects Volunteer Infantry